Construct Light Support Kompanie
Selects Armored Support Battlegroup
Selects Superior Fire Drills
Construct Mechanized Kompanie
Marder III Tank Destroyer
Selects Flammpanzer III Medium Tank
Flammpanzer III Medium Tank
18-tonne Recovery Half-track
Selects Command Panzer IV F Medium Tank
Marder III Tank Destroyer
Flammpanzer III Medium Tank
Selects Stuka Anti-tank Loiter
Flammpanzer III Medium Tank
Command Panzer IV F Medium Tank
Construct Panzerarmee Kommand
18-tonne Recovery Half-track
18-tonne Recovery Half-track